 Dungeon Sprint DCSS version 0.28-a0-1395-g4f6bc678fa (webtiles) character file.

Game seed: 11160722666223129594

11398 rocky1 the Basher (level 11, -5/78 HPs)
             Began as a Gargoyle Fighter on Jan 5, 2022.
             Was an Initiate of Gozag.
             Slain by a ghost moth (14 damage)
             ... in the Dungeon (Sprint VII: "The Pits").
             The game lasted 00:13:12 (3707 turns).

rocky1 the Basher (Gargoyle Fighter)                Turns: 3707, Time: 00:13:13

Health: -5/78      AC: 27    Str: 21 (22) XL:     11   Next: 77%
Magic:  0/11       EV: 13    Int:  5 (7)  God:    Gozag
Gold:   1564       SH: 11    Dex:  8 (11) Spells: 10/10 levels left

rFire   + + +      SeeInvis .   p - +1 flail (vorpal)
rCold   . . .      Faith    .   c - +0 buckler
rNeg    + . .      Spirit   .   w - +4 chain mail
rPois   ∞          Reflect  +   (no helmet)
rElec   +          Harm     .   u - +0 cloak
rCorr   .          Rampage  .   (no gloves)
Will    .....      NoTele   +   v - +0 pair of boots
Stlth   ..........              b - amulet "Vuoc Nyff" {Reflect rElec rF+ Int-2 SH+5}
HPRegen 0.23/turn               i - +3 ring of evasion
MPRegen 0.12/turn               x - ring of the Leaf {Wiz rF++}

@: no status effects
A: sickness immunity, AC +8, negative energy resistance 1, electricity
resistance, torment resistance 1, petrification resistance
a: Renounce Religion, Potion Petition, Call Merchant, Bribe Branch


You were in the Dungeon.
You worshipped Gozag.
Gozag was most pleased with you.
You visited 1 branch You collected 5834 gold pieces.
You spent 2898 gold pieces at shops.
You paid 1372 gold pieces to Gozag.

Inventory:

Hand Weapons
 a - a +2 scimitar of holy wrath
 n - a +2 whip of freezing
 p - a +1 vorpal flail (weapon)
 q - a +1 hand axe of freezing
 t - a +1 vorpal broad axe
 y - a +3 morningstar
 I - the +8 autumn katana {vorpal, manifold assault}
   (You bought it in a shop in the Dungeon)

   It sometimes launches melee attacks against multiple visible enemies.
 J - the +0 quick blade of the Hawk {vorpal, rCorr}
   (You bought it in a shop in the Dungeon)

   It inflicts extra damage upon your enemies.
   rCorr:     It protects you from acid and corrosion.
Missiles
 z - 4 poisoned darts (quivered)
Armour
 c - a +0 buckler (worn)
 u - a +0 cloak (worn)
 v - a +0 pair of boots (worn)
 w - a +4 chain mail (worn)
Jewellery
 b - the amulet "Vuoc Nyff" (around neck) {Reflect rElec rF+ Int-2 SH+5}
   (You bought it in a shop in the Dungeon)

   [amulet of reflection]

   It reflects blocked missile attacks.
   Int:       It affects your intelligence (-2).
   rF:        It protects you from fire.
   rElec:     It insulates you from electricity.
   SH:        It affects your SH (+5).
 i - a +3 ring of evasion (left hand)
 o - a +3 ring of strength
 x - the ring of the Leaf (right hand) {Wiz rF++}
   (You bought it in a shop in the Dungeon)

   [ring of wizardry]

   It improves your spell success rate.
   rF:        It greatly protects you from fire.
 F - a ring of fire
 G - an amulet of magic regeneration
 H - the ring "Siapog" {+Blink rElec MP-9 SInv}
   (You found it in the Dungeon)

   [ring of see invisible]

   rElec:     It insulates you from electricity.
   MP:        It affects your magic capacity (-9).
   SInv:      It lets you see invisible.
   +Blink:    It lets you blink.
Scrolls
 j - 2 scrolls of blinking
 l - 6 scrolls of amnesia
 m - a scroll of summoning
 A - a scroll of fog
 C - 6 scrolls of enchant armour
 D - 3 scrolls of identify
 E - 3 scrolls of fear
Potions
 d - 2 potions of might
 e - 12 potions of curing
 f - 10 potions of heal wounds
 g - 2 potions of haste
 h - 4 potions of magic
 k - 3 potions of invisibility
 r - 2 potions of berserk rage
 s - 2 potions of mutation
 B - a potion of brilliance


   Skills:
 - Level 13.1 Fighting
 + Level 7.4 Long Blades
 - Level 8.6(11.9) Axes
 - Level 14.0(15.1) Maces & Flails
 - Level 13.1 Armour
 - Level 9.9 Dodging
 - Level 12.1 Shields


You had 10 spell levels left.
You didn't know any spells.
Your spell library was empty.

Dungeon Overview and Level Annotations

Branches:
Dungeon (1/1)

Altars:
Ashenzari
Cheibriados
Dithmenos
Elyvilon
Fedhas
Gozag
Hepliaklqana
Kikubaaqudgha
Makhleb
Nemelex Xobeh
Okawaru
Qazlal
Ru
Sif Muna
Trog
Uskayaw
Vehumet
Wu Jian
Xom
Yredelemnul
Zin
The Shining One
Beogh
Jiyva
Lugonu

Shops:
D =(


Innate Abilities, Weirdness & Mutations

You are immune to sickness and miasma.
Your stone body is resilient. (AC +8)
You are immune to poison.
You resist negative energy. (rN+)
You are resistant to electric shocks. (rElec)
You are resistant to unholy torment.
You are immune to petrification.


Message History

You feel clumsy.
The spriggan druid hits you with a +0 quarterstaff.
You hit something but do no damage.
Something hits you but does no damage. x2
Something stings you! The spriggan druid closely misses you.
You thump something!
Something hits you but does no damage. x2
Something stings you!
You feel clumsy.
You barely miss something.
The spriggan druid hits you but does no damage.
You feel you are being watched by something.
Something hits you.
You feel dopey. You block something's attack. Something barely misses you.
You hit something but do no damage. You block the spriggan druid's attack.
Something hits you but does no damage. x2
Something stings you but does no damage.
You closely miss something. Something hits you but does no damage.
You block something's attack.
Something stings you but does no damage.
You miss something.
The spriggan druid hits you with a +0 quarterstaff.
You sock something!
Something hits you but does no damage. x2
Something stings you but does no damage.
The spriggan druid hits you but does no damage.
You sock something!
Something hits you but does no damage. x2
Something stings you but does no damage.
The spriggan druid hits you but does no damage.
You closely miss something.
A catoblepas comes into view.
Something hits you!
* * * LOW HITPOINT WARNING * * *
You block something's attack.
Something stings you but does no damage.
You closely miss something.
The spriggan druid hits you with a +0 quarterstaff.
* * * LOW HITPOINT WARNING * * *
You feel you are being watched by something.
Something hits you!
You die...
Your body crumbles into a pile of gold.

$ $ #++#########
#....i......
#..Y@.......
#..#########
#..# #..# ####
#..# #..# #..#
#..# #..# '..#
#..#
'..##########).#


You could see a catoblepas and a spriggan druid.

Vanquished Creatures
  A boulder beetle (D)
  A death knight (D)
  A centaur warrior (D)
  2 deep trolls (D)
  A flayed ghost (D)
  A wizard (D)
  2 lindwurms (D)
  A phantasmal warrior (D)
  A deep elf zephyrmancer (D)
  A deep elf pyromancer (D)
  A kobold demonologist (D)
  A freezing wraith (D)
  A komodo dragon (D)
  A hornet (D)
  A wind drake (D)
  5 blink frogs (D)
  A flying skull (D)
  2 shadows (D)
  A water elemental (D)
  A fire elemental (D)
  4 vampire mosquitoes (D)
  A warg (D)
  A water moccasin (D)
  A swamp drake (D)
  Pargi (D)
  A sky beast (D)
  An orc warrior (D)
  A centaur (D)
  2 phantoms (D)
  6 wolves (D)
  A kobold brigand (D)
  3 scorpions (D)
  5 killer bees (D)
  2 jellies (D)
  3 orc priests (D)
  2 orc wizards (D)
  An iguana (D)
  A river rat (D)
  2 adders (D)
  2 gnolls (D)
  An adder skeleton (D)
  A worm (D)
  6 orcs (D)
  A bat skeleton (D)
  A bat zombie (D)
  4 giant cockroaches (D)
  A quokka (D)
  A giant cockroach zombie (D)
  A kobold (D)
  A rat (D)
86 creatures vanquished.

Vanquished Creatures (others)
  A jelly (D)
1 creature vanquished.

Grand Total: 87 creatures vanquished

Notes
Turn   | Place    | Note
-------+----------+-------------------------------------------
     0 | D        | rocky1 the Gargoyle Fighter began the quest for the Orb.
     0 | D        | Reached XP level 1. HP: 14/14 MP: 1/1
    19 | D        | Reached skill level 3 in Maces & Flails
    19 | D        | Reached XP level 2. HP: 13/19 MP: 2/2
    23 | D        | Found a bloodstained altar of Trog.
    23 | D        | Found a shimmering blue altar of Sif Muna.
    23 | D        | Found a viscous altar of Jiyva.
    23 | D        | Found a hazy altar of Hepliaklqana.
    23 | D        | Found an opulent altar of Gozag.
    24 | D        | Found a glowing golden altar of the Shining One.
    24 | D        | Found a glowing silver altar of Zin.
    24 | D        | Found a basalt altar of Yredelemnul.
    24 | D        | Found a shimmering altar of Xom.
    24 | D        | Found an ornate altar of the Wu Jian Council.
    24 | D        | Found a sacrificial altar of Ru.
    24 | D        | Found a stormy altar of Qazlal.
    24 | D        | Found an iron altar of Okawaru.
    24 | D        | Found a sparkling altar of Nemelex Xobeh.
    24 | D        | Found a burning altar of Makhleb.
    24 | D        | Found a blossoming altar of Fedhas.
    24 | D        | Found a white marble altar of Elyvilon.
    24 | D        | Found a shadowy altar of Dithmenos.
    24 | D        | Found a snail-covered altar of Cheibriados.
    27 | D        | Found a corrupted altar of Lugonu.
    27 | D        | Found a radiant altar of Vehumet.
    28 | D        | Found an ancient bone altar of Kikubaaqudgha.
    28 | D        | Found a hide-covered altar of Uskayaw.
    28 | D        | Found a broken altar of Ashenzari.
   117 | D        | Became a worshipper of Gozag Ym Sagoz the Greedy
   162 | D        | Reached skill level 4 in Maces & Flails
   187 | D        | Noticed a scorpion
   187 | D        | Noticed a scorpion
   200 | D        | Killed a scorpion
   201 | D        | Reached skill level 7 in Maces & Flails
   201 | D        | Reached XP level 3. HP: 4/23 MP: 3/3
   201 | D        | Reached XP level 4. HP: 5/28 MP: 4/4
   209 | D        | Killed a scorpion
   210 | D        | Reached skill level 9 in Maces & Flails
   210 | D        | Reached XP level 5. HP: 19/32 MP: 5/5
   513 | D        | Reached skill level 10 in Maces & Flails
   526 | D        | Noticed a flying skull
   526 | D        | Noticed Pargi
   526 | D        | Noticed a phantom
   548 | D        | Killed a flying skull
   549 | D        | Reached skill level 13 in Maces & Flails
   549 | D        | Reached XP level 6. HP: 25/37 MP: 6/6
   554 | D        | Killed Pargi
   555 | D        | Reached skill level 14 in Maces & Flails
   555 | D        | Reached XP level 7. HP: 26/41 MP: 7/7
   563 | D        | Reached skill level 1 in Dodging
   563 | D        | Reached skill level 5 in Shields
   740 | D        | Noticed a warg
   749 | D        | Killed a warg
   792 | D        | Noticed a flayed ghost
   802 | D        | Killed a flayed ghost
   803 | D        | Reached XP level 8. HP: 20/52 MP: 8/8
  1148 | D        | Reached skill level 5 in Dodging
  1157 | D        | Reached XP level 9. HP: 40/59 MP: 9/9
  1586 | D        | Bought the amulet "Vuoc Nyff" {Reflect rElec rF+ Int-2
                  | SH+5} for 655 gold pieces
  1727 | D        | Noticed a lindwurm
  1736 | D        | Killed a lindwurm
  1912 | D        | Noticed a boulder beetle
  1912 | D        | Noticed a centaur warrior
  1939 | D        | Reached skill level 10 in Shields
  1976 | D        | Killed a boulder beetle
  1977 | D        | Reached skill level 10 in Fighting
  1977 | D        | Reached skill level 10 in Armour
  1977 | D        | Reached XP level 10. HP: 20/68 MP: 10/10
  1983 | D        | Killed a centaur warrior
  1984 | D        | Reached skill level 5 in Axes
  2309 | D        | Bought the ring of the Leaf {Wiz rF++} for 763 gold pieces
  2444 | D        | Noticed a kobold demonologist
  2458 | D        | Killed a kobold demonologist
  2459 | D        | Noticed a deep troll
  2494 | D        | Killed a deep troll
  2743 | D        | Noticed a lindwurm
  2743 | D        | Noticed a wizard
  2751 | D        | Killed a lindwurm
  2767 | D        | Killed a wizard
  2883 | D        | Noticed a death knight
  2890 | D        | Reached XP level 11. HP: 76/76 MP: 11/11
  2900 | D        | Killed a death knight
  3170 | D        | Noticed a phantasmal warrior
  3193 | D        | Killed a phantasmal warrior
  3208 | D        | Noticed a deep elf zephyrmancer
  3221 | D        | Killed a deep elf zephyrmancer
  3341 | D        | Got the ring "Siapog" {+Blink rElec MP-9 SInv}
  3365 | D        | Bought the +8 autumn katana {vorpal, manifold assault} for
                  | 1060 gold pieces
  3365 | D        | Found the +8 autumn katana {vorpal, manifold assault}
  3365 | D        | Bought a scorched quick blade for 420 gold pieces
  3365 | D        | Identified the +0 quick blade of the Hawk {vorpal, rCorr}
                  | (You bought it in a shop in the Dungeon)
  3439 | D        | Noticed a deep elf pyromancer
  3441 | D        | Noticed a deep troll
  3447 | D        | Killed a deep elf pyromancer
  3463 | D        | Killed a deep troll
  3689 | D        | Noticed a spriggan druid
  3706 | D        | Noticed a catoblepas
  3707 | D        | Slain by a ghost moth

Illustrated notes

Levels and vault maps discovered:
D:        pitsprint [storerooms_1, entrance_room_1, metal_vault_2, armoury_1,
          mini_pit_1, grid_room_1, main_hall_1, silver_pit, the_coven_3,
          the_vestibule_1, steel_vault_2, golden_pit, hallway_of_sentries,
          crystal_vault_1, iron_vault_1, final_vault]

Skill      XL: |  1  2  3  4  5  6  7  8  9 10 11 |
---------------+----------------------------------+-----
Maces & Flails | 3 7 9 13 14 | 14.0
Shields        | 4 7 8 10 12 | 12.1
Dodging        | 4 5 7 8 9 |  9.9
Fighting       | 6 8 10 11 13 | 13.1
Armour         | 6 8 10 11 13 | 13.1
Axes           | 4 6 8 |  8.6
Long Blades    | 7 |  7.4

Action                   |  1- 3 |  4- 6 |  7- 9 | 10-12 || total
-------------------------+-------+-------+-------+-------++-------
Melee: Flail             |     6 |    23 |   153 |   274 ||   456
       Mace              |    16 |    12 |       |       ||    28
Invok: Call Merchant     |       |       |     1 |     1 ||     2
  Use: Potion            |     1 |     2 |     1 |     2 ||     6
 Stab: Distracted        |       |     1 |       |     3 ||     4
Armor: Scale mail        |    11 |    10 |       |       ||    21
       Chain mail        |       |     3 |    53 |   124 ||   180
Dodge: Dodged            |    10 |    10 |    62 |    94 ||   176
Block: Buckler           |     5 |     6 |    58 |   128 ||   197
       Reflection        |       |       |       |     2 ||     2

Table legend: (Time is in decaauts)
 A = Elapsed time spent in this place.
 B = Non-inter-level travel time spent in this place.
 C = Inter-level travel time spent in this place.
 D = Time resting spent in this place.
 E = Time spent auto-exploring this place.
 F = Levels seen in this place.
 G = Mean time per level.
                   A        B        C        D        E       F      G
               +--------+--------+--------+--------+--------+-----+--------+
         Total |   3608 |   3540 |     68 |   2289 |      0 |   1 | 3608.0 |
       Dungeon |   3608 |   3540 |     68 |   2289 |      0 |   1 | 3608.0 |
               +--------+--------+--------+--------+--------+-----+--------+

Top non-repeatable levels by time:
       D: 3608 daAuts
